 Dungeon Crawl Stone Soup version 0.27-a0-1572-gacd6f1ce93 (webtiles) character file.

Game seed: 71428640072230286

199 Blejac999 the Grave Robber (level 5, -1/36 HPs)
             Began as a Mummy Necromancer on July 17, 2021.
             Slain by an orc wizard (3 damage)
             ... on level 4 of the Dungeon.
             The game lasted 00:11:37 (4224 turns).

Blejac999 the Grave Robber (Mummy Necromancer)      Turns: 4224, Time: 00:11:39

Health: -1/36      AC:  3    Str: 17    XL:     5   Next: 48%
Magic:  9/12       EV: 12    Int: 16    God:
Gold:   147        SH:  0    Dex: 12    Spells: 5/13 levels left

rFire    x . .     SeeInvis .   g - +3 spear (vamp)
rCold    + . .     Faith    .   (no shield)
rNeg     + + +     Spirit   .   a - +0 robe
rPois    ∞         Reflect  .   (no helmet)
rElec    .         Harm     .   (no cloak)
rCorr    .         Rampage  .   (no gloves)
Will     .....                  b - +0 pair of boots
Stlth    ++........             (no amulet)
HPRegen  0.12/turn              f - +6 ring of strength
MPRegen  0.13/turn              (no ring)

@: no status effects
A: cold resistance 1, negative energy resistance 3, torment resistance 2, heat
vulnerability 1, no potions
a: no special abilities


You were on level 4 of the Dungeon.
You visited 1 branch of the dungeon, and saw 4 of its levels.

You collected 147 gold pieces.

Inventory:

Hand Weapons
 g - a +3 vampiric spear (weapon)
Armour
 a - a +0 robe (worn)
 b - a +0 pair of boots (worn)
Magical Staves
 e - a staff of earth
Jewellery
 f - a +6 ring of strength (left hand)
Scrolls
 c - 2 scrolls of amnesia
 d - 2 scrolls of enchant weapon


   Skills:
 + Level 0.6 Fighting
 + Level 0.4 Staves
 + Level 1.8 Dodging
 + Level 1.7 Stealth
 + Level 0.4 Unarmed Combat
 + Level 4.8 Spellcasting
 + Level 4.8 Necromancy
 * Level 1.5 Translocations


You had 5 spell levels left.
You knew the following spells:

 Your Spells              Type           Power      Damage    Failure   Level
a - Pain                  Necr           76%        1d7       2%          1
b - Animate Skeleton      Necr           38%        N/A       2%          1
c - Vampiric Draining     Necr           9%         2d7       6%          3
d - Gell's Gravitas       Tloc           4%         N/A       24%         3

Your spell library contained the following spells:

 Spells                   Type           Power      Damage    Failure   Level
 Animate Dead             Necr           9%         N/A       22%         4
 Teleport Other           Tloc           8%         N/A       24%         3
 Agony                    Necr           19%        N/A       52%         5
 Dispersal                Tloc           4%         N/A       100%        6


Dungeon Overview and Level Annotations

Branches:
Dungeon (4/15)
 Temple: D:4-7

Altars:

Shops:
D:3 !

Annotations:
D:3 1 runed translucent door, Crazy Yiuf, Ijyb, Robin


Innate Abilities, Weirdness & Mutations

You are immune to poison.
Your flesh is cold resistant. (rC+)
You are immune to negative energy. (rN+++)
You are immune to unholy pain and torment.
You are vulnerable to heat. (rF-)
You do not drink.


Message History

You closely miss the orc. Something hits you.
Something hits you but does no damage. The orc barely misses you.
You puncture the orc!
You feel better.
You kill the orc!
Something hits you. x2
You closely miss something. Something hits you but does no damage.
Something hits you.
You closely miss something. Something hits you but does no damage.
Something hits you. x2
You completely miss something.
Something hits you but does no damage. x2
You closely miss something. Something hits you. x3
You barely miss something. Something hits you.
* * * LOW HITPOINT WARNING * * *
Something hits you.
* * * LOW HITPOINT WARNING * * *
You miss something. Something hits you.
* * * LOW HITPOINT WARNING * * *
Something hits you but does no damage.
You can't drink.
Okay, then.
You hit something but do no damage. Something hits you but does no damage.
Something hits you.
* * * LOW HITPOINT WARNING * * *
Unknown command.
You completely miss something. Something hits you but does no damage.
Something hits you.
* * * LOW HITPOINT WARNING * * *
Unknown command.
Casting: Pain (safe; 2% risk of failure)
Confirm with . or Enter, or press ? or * to list all spells.
Okay, then.
Casting: Pain (safe; 2% risk of failure)
Confirm with . or Enter, or press ? or * to list all spells.
Aiming: Vampiric Draining (dangerous; 6% risk of failure)
Press: ? - help, Shift-Dir - straight line You draw life force from something!
You feel life coursing into your body. Something hits you.
* * * LOW HITPOINT WARNING * * *
Something hits you.
You die...

#........#
#...[....#
#........#
#.....####
#.....#
#.....#
#.....#
#...{{#
#...)@#
#######


There were no monsters in sight!

Vanquished Creatures
  2 orc wizards (D:3)
  3 gnolls (D:3)
  4 adders
  An ufetubus (D:4)
  2 worms (D:2)
  A dart slug (D:1)
  4 orcs
  5 bats
  4 endoplasms
  3 giant cockroaches
  11 goblins
  7 hobgoblins
  6 jackals (D:1)
  3 quokkas
  4 ball pythons
  A frilled lizard (D:1)
  2 kobolds
  6 rats
69 creatures vanquished.

Notes
Turn   | Place    | Note
-------+----------+-------------------------------------------
     0 | D:1      | Blejac999 the Mummy Necromancer began the quest for the
                  | Orb.
     0 | D:1      | Reached XP level 1. HP: 13/13 MP: 4/4
   110 | D:1      | Learned a level 1 spell: Animate Skeleton
   369 | D:1      | Reached XP level 2. HP: 19/19 MP: 3/6
  1104 | D:1      | Found a faded altar of an unknown god.
  1232 | D:1      | Reached XP level 3. HP: 24/24 MP: 2/8
  1685 | D:2      | Learned a level 3 spell: Vampiric Draining
  1689 | D:2      | Learned a level 3 spell: Gell's Gravitas
  2513 | D:2      | Reached skill level 1 in Translocations
  2513 | D:2      | Reached XP level 4. HP: 30/30 MP: 1/10
  2670 | D:3      | Noticed Robin
  3305 | D:3      | Reached XP level 5. HP: 32/35 MP: 3/11
  3820 | D:3      | Found Sizo's Distillery.
  4077 | D:3      | Found a runed translucent door.
  4078 | D:3      | Noticed Crazy Yiuf
  4102 | D:3      | Noticed Ijyb
  4223 | D:4      | HP: 1/36 [something (3)]
  4224 | D:4      | Slain by an orc wizard

Illustrated notes

Levels and vault maps discovered:
D:1:      nzn_arrival_crosshair, layout_loops_corners,
          chequers_ecumenical_altar_simple, hangedman_glass_teeth
D:2:      layout_rooms
D:3:      layout_basic, serial_shops, nicolae_lakefront_shop,
          grunt_decor_one_mirror, chequers_arboretum, uniq_crazy_yiuf_cottage,
          uniq_ijyb, uniq_robin
D:4:      layout_gridville, yredelemnul_forgotten_temple_becter

Skill      XL: |  1  2  3 |
---------------+----------+-----
Spellcasting   | 3 4 |  4.8
Translocations | 1 |  1.5
Fighting       | |  0.6
Staves         | |  0.4
Dodging        | |  1.8
Stealth        | |  1.7
Unarmed Combat | |  0.4
Necromancy     | |  4.8

Action                   |  1- 3 |  4- 6 || total
-------------------------+-------+-------++-------
Melee: Unarmed           |    38 |       ||    38
       Staff             |       |    14 ||    14
       Spear             |       |    20 ||    20
 Cast: Pain              |   109 |    64 ||   173
       Animate Skeleton  |     5 |     1 ||     6
       Vampiric Draining |       |     1 ||     1
  Use: Scroll            |     3 |     1 ||     4
 Stab: Sleeping          |       |     1 ||     1
Armor: Robe              |    14 |    18 ||    32
Dodge: Dodged            |    42 |    28 ||    70

Table legend: (Time is in decaauts)
 A = Elapsed time spent in this place.
 B = Non-inter-level travel time spent in this place.
 C = Inter-level travel time spent in this place.
 D = Time resting spent in this place.
 E = Time spent auto-exploring this place.
 F = Levels seen in this place.
 G = Mean time per level.
                   A        B        C        D        E       F      G
               +--------+--------+--------+--------+--------+-----+--------+
         Total |   4231 |   4231 |      0 |   1643 |   1769 |   4 | 1057.8 |
       Dungeon |   4231 |   4231 |      0 |   1643 |   1769 |   4 | 1057.8 |
               +--------+--------+--------+--------+--------+-----+--------+

Top non-repeatable levels by time:
     D:1: 1867 daAuts
     D:3: 1268 daAuts
     D:2: 1046 daAuts
     D:4: 49 daAuts
